cohdb
Replays
Latest Replays
All Replays
Popular Replays
Top Player Replays
Match Explorer
How It Works
Community
CoH3 Stats
Reddit
Sign in to upload your games and track your stats! →
Sign in with Steam
Match 43000959
Unlisted
Match 43000959
Overview
Messages
Build Orders
End
Kettenkrad Recon Vehicle
Construct Infanterie Kompanie
Grenadier Squad
Grenadier Squad
MG 42 Machine Gun Team
Construct Luftwaffe Kompanie
MG 42 Machine Gun Team
221 Scout Car
Medical Station
Construct Panzergrenadier Kompanie
Support Elements
Jäger Squad
Pak 40 Anti-tank Gun Team
Panzergrenadier Squad
SUPACAUSAL
XuZhongwei
0
0
Comments
sign in to comment!
No comments posted yet!